 Dungeon Crawl Stone Soup version 0.21.1-1-g345015f (webtiles) character file.

1764 wotfoxis the Cudgeler (level 9, -3/71 HPs)
             Began as a Hill Orc Fighter on Feb 19, 2018.
             Was a Believer of Kikubaaqudgha.
             Splashed by a jelly's acid (7 damage)
             ... on level 7 of the Dungeon.
             The game lasted 00:33:17 (5289 turns).

wotfoxis the Cudgeler (Hill Orc Fighter)            Turns: 5289, Time: 00:33:19

Health: -3/71      AC: 18    Str: 19    XL:     9   Next: 7%
Magic:  6/11       EV:  4    Int: 11    God:    Kikubaaqudgha [**....]
Gold:   245        SH: 10    Dex:  8    Spells: 8/11 levels left

rFire    . . .     SeeInvis .   p - +1 mace
rCold    . . .     Gourm    .   c - +0 shield
rNeg     . . .     Faith    .   k - +0 plate armour
rPois    +         Spirit   .   j - +0 helmet
rElec    .         Reflect  .   g - +1 cloak
rCorr    .         Harm     .   b - +0 pair of gloves
MR       .....                  t - +0 pair of boots
Stlth    ..........             (no amulet)
HPRegen  0.21/turn              l - ring of poison resistance
MPRegen  0.12/turn              (no ring)

@: corroded, contaminated, glowing, drained
A: iridescent scales 1, rugged brown scales 2, clumsy 1, deterioration 1, frail
1, MP-powered wands
a: Receive Corpses, Renounce Religion


You were on level 7 of the Dungeon.
You worshipped Kikubaaqudgha.
Kikubaaqudgha was pleased with you.
You were hungry.

You visited 1 branch of the dungeon, and saw 7 of its levels.

You collected 245 gold pieces.

Inventory:

Hand Weapons
 a - a +0 flail
 p - a +1 mace (weapon)
Armour
 b - a +0 pair of gloves (worn)
 c - a +0 shield (worn)
 g - a +1 cloak (worn)
 j - a +0 helmet (worn)
 k - a +0 plate armour (worn)
 t - a +0 pair of boots (worn)
Jewellery
 l - a ring of poison resistance (left hand)
Wands
 q - a wand of polymorph (2)
 r - a wand of iceblast (4)
Scrolls
 d - a scroll of enchant armour
 e - a scroll of identify
Potions
 h - 2 potions of berserk rage {unknown}
 i - a potion of curing
Books
 n - Kikubaaqudgha's Grimoire of Evil
   (Kikubaaqudgha gifted it to you on level 3 of the Dungeon)

   Spells                             Type                      Level
   a - Pain                           Necromancy                   1
   b - Corpse Rot                     Necromancy                   2
   c - Sublimation of Blood           Necromancy                   2
   d - Vampiric Draining              Necromancy                   3
Comestibles
 f - 2 rations
 m - 4 chunks of flesh


   Skills:
 - Level 5.9(5.8) Fighting
 + Level 7.4(7.3) Maces & Flails
 - Level 5.8(5.7) Armour
 - Level 0.1(0.0) Dodging
 - Level 7.3(7.2) Shields
 + Level 1.8(1.7) Spellcasting
 + Level 2.0(1.9) Necromancy
 + Level 0.2(0.1) Evocations


You had 8 spell levels left.
You knew the following spells:

 Your Spells              Type           Power        Failure   Level  Hunger
a - Pain                  Necr           #...         100%        1    ##.....
b - Corpse Rot            Necr           N/A          100%        2    ###....


Dungeon Overview and Level Annotations

Branches:
Dungeon (7/15)             Temple (0/1) D:4

Altars:
Kikubaaqudgha
Sif Muna
Xom

Shops:
D:5 [


Innate Abilities, Weirdness & Mutations

You are partially covered in iridescent scales. (AC +2)
You are mostly covered in rugged brown scales. (AC +2, +5% HP)
You are clumsy. (Dex -2)
Your body sometimes deteriorates upon taking damage.
You are frail. (-10% HP)
You expend magic power (3 MP) to strengthen your wands.


Message History

Press: ? - help, Shift-Dir - straight line, f/p - hornet
Aim: a hornet (moderately wounded, inner flame, chance to defeat MR: 38%)
You miscast Pain.
You are contaminated with residual magic.
You hear strange and distant voices.
The hornet stings you!
* * * LOW HITPOINT WARNING * * *
You block the jelly's attack.
Casting: Pain
Confirm with . or Enter, or press ? or * to list all spells.
Aiming: Pain
Press: ? - help, Shift-Dir - straight line, f/p - hornet
Aim: a hornet (moderately wounded, inner flame, chance to defeat MR: 38%)
You miscast Pain.
Your bones ache.
The hornet stings you but does no damage.
The jelly hits you.
* * * LOW HITPOINT WARNING * * *
The acid corrodes you!
You are splashed with acid!
The acid burns!
You die...
Kikubaaqudgha rasps: "You have failed me!
Welcome... death!"

########## # #........#
#############.######.##
.(.............J@y5...#
########.#.##.######..#
.#######.#.##.# #..###
#.......#.....######....#######.#
##...###>#.##5#................#.
#...# #.#.##.#.####....#######.#
#.#.# #.#.##.#.# #..### #.#
#..#.# #.#.##.#.####..# #.#
.#.#.###.#.##.........# #.#


You could see a hornet (inner flame), a jelly (inner flame) and a crimson imp
(inner flame).

Vanquished Creatures
  Pikel (D:6)
  A phantom (D:5)
  3 centaurs
  A bullfrog (D:6)
  2 scorpions (D:6)
  A howler monkey (D:6)
  4 wights (D:6)
  4 crimson imps
  2 hounds
  A jelly (D:6)
  2 orc wizards (D:5)
  6 worker ants
  4 gnolls (D:6)
  A howler monkey skeleton (D:4)
  8 adders
  An ooze (D:3)
  An adder skeleton (D:4)
  2 worms
  A dart slug (D:2)
  7 leopard geckos
  13 orcs
  7 bats
  5 giant cockroaches
  4 goblins
  7 hobgoblins
  3 jackals (D:1)
  11 kobolds
  4 quokkas
  4 ball pythons
  4 frilled lizards
  A giant cockroach zombie (D:5)
  2 leopard gecko zombies (D:5)
  A quokka skeleton (D:5)
  6 rats
125 creatures vanquished.

Vanquished Creatures (others)
  A slave (D:6)
  A human (D:3)
  A hound (D:6)
3 creatures vanquished.

Grand Total: 128 creatures vanquished

Notes
Turn   | Place    | Note
-------+----------+-------------------------------------------
     0 | D:1      | wotfoxis the Hill Orc Fighter began the quest for the Orb.
     0 | D:1      | Reached XP level 1. HP: 19/19 MP: 1/1
   117 | D:1      | Reached XP level 2. HP: 23/27 MP: 2/2
   796 | D:2      | Reached XP level 3. HP: 32/33 MP: 3/3
   818 | D:2      | Found a deep blue altar of Sif Muna.
  1259 | D:2      | Reached XP level 4. HP: 14/40 MP: 4/4
  1424 | D:2      | Found an ancient bone altar of Kikubaaqudgha.
  1440 | D:2      | Became a worshipper of Kikubaaqudgha
  1679 | D:3      | Found a shimmering altar of Xom.
  1683 | D:3      | Found an ancient bone altar of Kikubaaqudgha.
  1683 | D:3      | Noticed a human
  1687 | D:3      | Killed a human
  1927 | D:4      | Reached XP level 5. HP: 46/46 MP: 5/5
  2025 | D:4      | Found a staircase to the Ecumenical Temple.
  2155 | D:3      | Reached * piety under Kikubaaqudgha
  2155 | D:3      | Identified Kikubaaqudgha's Grimoire of Evil (Kikubaaqudgha gifted it to you on level 3 of the Dungeon)
  2155 | D:3      | Received a gift from Kikubaaqudgha
  2161 | D:3      | Learned a level 1 spell: Pain
  2281 | D:3      | Gained mutation: You are partially covered in iridescent scales. (AC +2) [potion of mutation]
  2281 | D:3      | Gained mutation: You are partially covered in rugged brown scales. (AC +1, +3% HP) [potion of mutation]
  2281 | D:3      | Gained mutation: You are clumsy. (Dex -2) [potion of mutation]
  2281 | D:3      | Gained mutation: You are mostly covered in rugged brown scales. (AC +2, +5% HP) [potion of mutation]
  2815 | D:5      | Entered Level 5 of the Dungeon
  3047 | D:5      | Reached XP level 6. HP: 33/55 MP: 6/6
  3096 | D:5      | Reached skill level 5 in Shields
  3252 | D:5      | Found Votyixu's Armour Shop.
  3318 | D:5      | Reached XP level 7. HP: 37/63 MP: 8/8
  3523 | D:5      | Reached skill level 1 in Spellcasting
  3800 | D:5      | Reached skill level 5 in Maces & Flails
  3984 | D:6      | Reached skill level 5 in Armour
  3984 | D:6      | Reached skill level 1 in Necromancy
  4352 | D:6      | Noticed Pikel
  4381 | D:6      | Reached skill level 5 in Fighting
  4381 | D:6      | Reached XP level 8. HP: 37/71 MP: 8/10
  4425 | D:6      | Killed Pikel
  4891 | D:6      | Reached ** piety under Kikubaaqudgha
  4902 | D:6      | Reached XP level 9. HP: 60/78 MP: 11/11
  5054 | D:7      | Gained mutation: You are frail. (-10% HP) [mutagenic glow]
  5104 | D:7      | Gained mutation: You expend magic power (3 MP) to strengthen your wands. [mutagenic glow]
  5190 | D:7      | Learned a level 2 spell: Corpse Rot
  5213 | D:7      | Noticed a hornet
  5226 | D:7      | Paralysed by a hornet for 2 turns
  5245 | D:7      | Gained mutation: Your body sometimes deteriorates upon taking damage. [mutagenic glow]
  5289 | D:7      | Splashed by a jelly's acid

Skill      XL: |  1  2  3  4  5  6  7  8  9 |
---------------+----------------------------+-----
Fighting       | 4 5 |  5.9
Shields        | 4 5 6 7 |  7.3
Armour         | 4 5 |  5.8
Maces & Flails | 3 4 5 7 |  7.4
Spellcasting   | 1 |  1.8
Necromancy     | 1 2 |  2.0
Dodging        | |  0.1
Evocations     | |  0.2

Action                   |  1- 3 |  4- 6 |  7- 9 || total
-------------------------+-------+-------+-------++-------
Melee: Flail             |   201 |   288 |   332 ||   821
       Mace              |       |       |    70 ||    70
Evoke: Wand              |       |     3 |     2 ||     5
  Use: Potion            |     1 |     6 |     1 ||     8
       Scroll            |       |    10 |     5 ||    15
  Eat: Chunk             |     2 |     1 |     2 ||     5
       Ration            |       |     2 |     2 ||     4
Armor: Scale mail        |    18 |       |       ||    18
       Chain mail        |    26 |       |       ||    26
       Plate armour      |   106 |   283 |   275 ||   664
Dodge: Dodged            |    50 |    70 |    71 ||   191
Block: Shield            |   118 |   213 |   236 ||   567
